 Dungeon Crawl Stone Soup version 0.19-a0-1889-g9c603be (webtiles) character file.

88930 dvd the Tainter (level 15, -2/92 HPs)
             Began as an Octopode Venom Mage on Oct 17, 2016.
             Was the Champion of Vehumet.
             Killed from afar by Azrael (48 damage)
             ... with damnation
             ... on level 2 of the Orcish Mines on Oct 18, 2016.
             The game lasted 02:36:49 (34828 turns).

dvd the Tainter (Octopode Venom Mage)              Turns: 34828, Time: 02:36:50

Health: -2/92      AC:  3    Str:  8    XL:     15   Next: 95%
Magic:  15/40      EV: 18    Int: 23    God:    Vehumet [******]
Gold:   1955       SH: 16    Dex: 13    Spells: 11 memorised, 3 levels left

rFire  . . .     SeeInvis .     a - +9 short sword (protect)
rCold  . . .     Gourm    .     y - +5 shield {rPois}
rNeg   . . .     Faith    +     q - +2 hat
rPois  +         Spirit   .     b - amulet of faith
rElec  .         Reflect  .     H - +2 ring of evasion
rCorr  +         Harm     .     G - ring of protection from magic
MR     +++..                    m - ring of stealth
Stlth  +++++++...               s - ring of protection from magic
                                E - ring of magical power
                                O - +2 ring of slaying
                                W - ring of stealth
                                R - ring of resist corrosion

@: radiating poison, repel missiles
A: almost no armour, stealthy swim, amphibious, 8 rings, constrict 8, camouflage
1, screaming 1, gelatinous body 1
a: Renounce Religion


You were on level 2 of the Orcish Mines.
You worshipped Vehumet.
Vehumet was exalted by your worship.
You were not hungry.

You visited 5 branches of the dungeon, and saw 25 of its levels.
You also visited: Sewer and Ossuary.

You collected 1955 gold pieces.

Inventory:

Hand Weapons
 a - a +9 short sword of protection (weapon)
Armour
 o - a +5 shield of cold resistance
 q - a +2 hat (worn)
 y - a +5 shield of poison resistance (worn)
Jewellery
 b - an amulet of faith (around mantle)
 m - a ring of stealth (on tentacle)
 s - a ring of protection from magic (on tentacle)
 E - a ring of magical power (on tentacle)
 G - a ring of protection from magic (right tentacle)
 H - a +2 ring of evasion (left tentacle)
 O - a +2 ring of slaying (on tentacle)
 R - a ring of resist corrosion (on tentacle)
 T - an uncursed amulet of rage
 W - a ring of stealth (on tentacle)
Wands
 c - a wand of lightning (7/15)
 l - a wand of teleportation (5/9)
 w - a wand of lightning (5/15)
 N - a wand of digging (10/24)
 Q - a wand of confusion (32/48)
 V - a wand of paralysis (14/24)
 X - a wand of iceblast (6/15)
Scrolls
 g - 12 scrolls of remove curse
 i - a scroll of enchant weapon
 j - 22 scrolls of identify
 k - 9 scrolls of teleportation
 n - a scroll of amnesia
 r - 2 scrolls of fog
 K - a scroll of silence
 P - a scroll of magic mapping
 U - a scroll of fear
 Y - a scroll of blinking
Potions
 f - a potion of might
 t - a potion of beneficial mutation
 x - 3 potions of agility
 z - 3 potions of curing
 A - 2 potions of magic
 B - 2 potions of brilliance
 D - 3 potions of haste
 F - 3 potions of ambrosia
 M - a potion of flight
Books
 e - a book of Flames

   Spells                             Type                      Level
   a - Flame Tongue                   Conjuration/Fire             1
   b - Throw Flame                    Conjuration/Fire             2
   c - Conjure Flame                  Conjuration/Fire             3
   d - Inner Flame                    Hexes/Fire                   3
   e - Sticky Flame                   Conjuration/Fire             4
   f - Fireball                       Conjuration/Fire             5
 C - a book of Enchantments

   Spells                             Type                      Level
   a - Cause Fear                     Hexes                        4
   b - Yara's Violent Unravelling     Hexes/Transmutation          5
   c - Silence                        Hexes/Air                    5
   d - Deflect Missiles               Charms/Air                   6
   e - Discord                        Hexes                        8
 I - a book of Air

   Spells                             Type                      Level
   a - Shock                          Conjuration/Air              1
   b - Swiftness                      Charms/Air                   2
   c - Repel Missiles                 Charms/Air                   2
   d - Static Discharge               Conjuration/Air              3
   e - Lightning Bolt                 Conjuration/Air              5
 J - a book of Frost

   Spells                             Type                      Level
   a - Freeze                         Ice                          1
   b - Throw Frost                    Conjuration/Ice              2
   c - Ozocubu's Armour               Charms/Ice                   3
   d - Throw Icicle                   Conjuration/Ice              4
   e - Summon Ice Beast               Ice/Summoning                4
 L - a book of Callings

   Spells                             Type                      Level
   a - Summon Small Mammal            Summoning                    1
   b - Call Imp                       Summoning                    2
   c - Call Canine Familiar           Summoning                    3
   d - Summon Guardian Golem          Hexes/Summoning              3
   e - Summon Lightning Spire         Summoning/Air                4
   f - Summon Ice Beast               Ice/Summoning                4
 S - a book of Minor Magic

   Spells                             Type                      Level
   a - Magic Dart                     Conjuration                  1
   b - Blink                          Translocation                2
   c - Call Imp                       Summoning                    2
   d - Repel Missiles                 Charms/Air                   2
   e - Slow                           Hexes                        2
   f - Conjure Flame                  Conjuration/Fire             3
   g - Mephitic Cloud                 Conjuration/Poison/Air       3
Comestibles
 d - 13 royal jellies
 h - 4 slices of pizza
 p - 28 fruits
 u - 11 bread rations
 v - 12 meat rations


   Skills:
 + Level 5.4 Fighting
 + Level 9.0 Short Blades
 + Level 7.6 Dodging
 + Level 9.4 Stealth
 + Level 10.3 Shields
 + Level 12.7 Spellcasting
 + Level 6.1 Conjurations
 + Level 4.4 Charms
 + Level 5.6 Translocations
 + Level 0.2 Fire Magic
 + Level 7.9 Ice Magic
 + Level 1.8 Air Magic
 + Level 1.5 Earth Magic
 + Level 14.5 Poison Magic
 + Level 0.2 Evocations


You had 3 spell levels left.
You knew the following spells:

 Your Spells              Type           Power        Failure   Level  Hunger
a - Sting                 Conj/Pois      ####         1%          1    None
b - Olgreb's Toxic Radia  Pois           ######..     1%          4    None
c - Flame Tongue          Conj/Fire      ####.        1%          1    None
d - Throw Icicle          Conj/Ice       #####...     1%          4    None
e - Repel Missiles        Chrm/Air       ####..       3%          2    None
f - Poisonous Cloud       Conj/Pois/Air  #####.....   21%         6    #####..
g - Ozocubu's Armour      Chrm/Ice       #####...     1%          3    None
h - Venom Bolt            Conj/Pois      ######....   1%          5    ###....
i - Stone Arrow           Conj/Erth      ####..       2%          3    None
j - Blink                 Tloc           N/A          1%          2    None
k - Alistair's Intoxicat  Tmut/Pois      #####...     14%         5    ###....


Dungeon Overview and Level Annotations

Branches:
Dungeon (13/15)            Temple (1/1) D:6            Lair (6/6) D:9
 Shoals (0/4) Lair:2       Spider (3/4) Lair:2        Slime (0/5) Lair:5
    Orc (2/2) D:10            Elf (0/3) Orc:2        Vaults (0/5) D:13

Altars:
Ashenzari
Cheibriados
Dithmenos
Elyvilon
Fedhas
Gozag
Hepliaklqana
Kikubaaqudgha
Makhleb
Nemelex Xobeh
Okawaru
Qazlal
Ru
Sif Muna
Trog
Uskayaw
Vehumet
Xom
Yredelemnul
Zin
The Shining One
Beogh

Shops:
D:7 :   D:9 (*

Annotations:
D:13 exclusion: 2 oklob plants
Lair:6 Odds's ghost, journeyman DsTm
Orc:2 Azrael; Saint Roka


Innate Abilities, Weirdness & Mutations

You cannot wear most types of armour.
You are very stealthy in the water. (Stealth+)
You are amphibious.
You can wear up to eight rings at the same time.
You can use your tentacles to constrict eight enemies at once.
Your skin changes colour to match your surroundings (Stealth+).
Your rubbery body absorbs attacks. (AC +1, EV +1)
You occasionally shout uncontrollably at your foes.


Message History

Confirm with . or Enter, or press ? or * to list all spells.
You attempt to intoxicate your foes!
The orc priest looks rather confused.
Saint Roka is poisoned.
The orc priest looks even sicker.
Your toxic aura wanes.
The orc knight shoots a bolt.
You block the bolt.
Saint Roka roars a battlecry!
The orc knight goes into a battle-frenzy!
Azrael gestures at you.
The fireball explodes!
The fireball engulfs you!
Your icy armour melts away.
Unknown command.
Unknown command.
Casting: Alistair's Intoxication
Confirm with . or Enter, or press ? or * to list all spells.
You begin to radiate toxic energy.
The orc knight looks even sicker.
Saint Roka looks even sicker.
Azrael gestures at you.
The sphere of damnation explodes!
The damnation engulfs you!
Ouch! That really hurt!
You die...

...........§.................##
.[......[.........#.........##
R§E.§...#.§.........#........#
##.....#.#§[................#..
##.......§§)...)..............
###..#..[§R.................
#......#o§[.........#......
.......o..E().............
...........(.@.....##....
..##....[.o...(......... #
#................#...
#....#......#......
##..##...#.#....... ###
#......#.#... ........#....
.....#..###... .........# ##


You could see Saint Roka, Azrael, an orc knight, a fire elemental and an orc
priest (confused).

Vanquished Creatures
  Rupert (D:12)
  8 hydras
  2 catoblepae
  8 death yaks
  A deep troll shaman (Lair:6)
  A tengu warrior (D:11)
  2 unseen horrors (D:13)
  A lindwurm (Lair:6)
  4 hill giants
  7 orb spiders
  3 orc sorcerers (Orc:1)
  2 deep elf magi
  An ugly thing (D:11)
  An elephant (shapeshifter) (D:13)
  12 wolf spiders
  A manticore (D:12)
  2 cyclopes
  3 centaur zombies
  14 elephants (Lair:6)
  Maurice (D:9)
  A black mamba (Lair:6)
  12 spiny frogs
  2 torpor snails
  6 demonic crawlers
  5 komodo dragons
  2 rime drakes (Lair:4)
  5 trolls
  14 jumping spiders
  2 hornets
  2 two-headed ogres
  27 blink frogs
  18 dream sheep
  2 slime creatures
  A snapping turtle (Lair:2)
  6 hippogriffs
  35 redbacks
  2 vampires
  14 tarantellas
  A shadow (D:12)
  A basilisk (shapeshifter) (D:13)
  A wraith (D:12)
  3 wyverns
  29 yaks
  6 basilisks
  A hog (shapeshifter) (D:13)
  A hungry ghost (D:13)
  5 fire elementals
  A steam dragon (D:11)
  2 vampire mosquitoes (D:13)
  2 wargs (Orc:1)
  13 water moccasins
  2 hell hounds
  2 soldier ants
  10 porcupines
  A black bear (shapeshifter) (D:13)
  4 ice beasts
  14 orc warriors
  2 sky beasts (D:12)
  A phantom (D:13)
  2 hornet zombies
  A black bear (Lair:6)
  A necrophage (D:9)
  5 ogres
  9 centaurs
  28 wolves
  22 crocodiles
  A big kobold (D:10)
  The ghost of Nuatha the Sneak, an amateur SpAK of Lugonu (D:3)
  19 bullfrogs
  A gnoll sergeant (D:12)
  3 water moccasin zombies (Ossuary)
  3 scorpions
  3 killer bees (D:13)
  11 wights
  3 electric eels
  6 crimson imps
  2 bullfrog zombies
  5 hounds
  4 quasits
  4 centaur skeletons
  16 jellies
  13 orc priests
  4 bullfrog skeletons
  4 iguanas
  33 orc wizards
  7 worker ants
  6 big kobold zombies (Ossuary)
  2 mummies (Ossuary)
  3 hound skeletons
  2 hound zombies
  A worker ant zombie (D:9)
  18 adders
  9 gnolls
  A howler monkey skeleton (D:8)
  6 river rats
  4 shadow imps
  19 oozes
  5 adder zombies (Ossuary)
  4 worms
  A dart slug (D:1)
  5 leopard geckos
  71 orcs
  10 giant cockroaches
  9 hobgoblins
  24 jackals
  8 kobolds
  6 quokkas
  3 ball pythons
  A ball python zombie (D:5)
  5 bats
  11 frilled lizards
  3 gnoll zombies (Ossuary)
  9 goblins
  3 hobgoblin zombies (Ossuary)
  5 kobold zombies (Ossuary)
  A leopard gecko zombie (D:5)
  7 orc zombies (Ossuary)
  28 rats
  A butterfly (Lair:1)
  A fire vortex (Lair:3)
  2 fungi
838 creatures vanquished.

Vanquished Creatures (others)
  An orc (Orc:2)
  A kobold zombie (Ossuary)
  A bush (D:13)
  19 fungi
  16 plants
38 creatures vanquished.

Grand Total: 876 creatures vanquished

Notes
Turn   | Place    | Note
-------+----------+-------------------------------------------
     0 | D:1      | dvd the Octopode Venom Mage began the quest for the Orb.
     0 | D:1      | Reached XP level 1. HP: 11/11 MP: 3/3
   129 | D:1      | Reached skill level 5 in Poison Magic
   251 | D:1      | Reached XP level 2. HP: 17/17 MP: 5/5
   977 | D:2      | Reached XP level 3. HP: 21/21 MP: 6/6
  1487 | D:2      | Reached XP level 4. HP: 23/27 MP: 4/7
  1858 | D:3      | Learned a level 4 spell: Olgreb's Toxic Radiance
  1864 | D:3      | Found a blossoming altar of Fedhas.
  1864 | D:3      | Found an ancient bone altar of Kikubaaqudgha.
  2196 | D:3      | Reached skill level 1 in Conjurations
  2214 | D:3      | Reached XP level 5. HP: 10/31 MP: 1/9
  2223 | D:3      | Reached skill level 6 in Poison Magic
  2380 | D:3      | Noticed Nuatha's ghost (amateur SpAK)
  2570 | D:4      | Found a sand-covered staircase.
  2586 | Ossuary  | Entered an ossuary
  2786 | Ossuary  | Reached skill level 1 in Short Blades
  2792 | Ossuary  | Reached XP level 6. HP: 12/37 MP: 10/10
  2815 | Ossuary  | Reached skill level 1 in Fighting
  3349 | Ossuary  | Reached XP level 7. HP: 11/43 MP: 11/11
  4057 | D:4      | Reached skill level 5 in Stealth
  5059 | D:5      | Entered Level 5 of the Dungeon
  5082 | D:5      | Found a glowing drain.
  5176 | Sewer    | Entered a sewer
  5807 | D:5      | Found an opulent altar of Gozag.
  5874 | D:5      | Reached skill level 7 in Poison Magic
  5874 | D:5      | Reached XP level 8. HP: 32/48 MP: 8/14
  6022 | D:5      | Gained mutation: You passively map a small area around you. [potion of beneficial mutation]
  6023 | D:5      | Gained mutation: You are partially covered in yellow scales. (AC +2) [potion of mutation]
  6023 | D:5      | Gained mutation: You tend to lose your temper in combat. [potion of mutation]
  6029 | D:5      | Gained mutation: You are clumsy. (Dex -2) [potion of mutation]
  6029 | D:5      | Lost mutation: You tend to lose your temper in combat. [potion of mutation]
  6029 | D:5      | Gained mutation: Your body sometimes deteriorates upon taking damage. [potion of mutation]
  6030 | D:5      | Gained mutation: You passively map the area around you. [potion of mutation]
  6429 | D:5      | Found a snail-covered altar of Cheibriados.
  6433 | D:5      | Found a glowing golden altar of the Shining One.
  6433 | D:5      | Found a deep blue altar of Sif Muna.
  6433 | D:5      | Found a shadowy altar of Dithmenos.
  6434 | D:5      | Found a basalt altar of Yredelemnul.
  6435 | D:5      | Found an opulent altar of Gozag.
  6647 | D:3      | Killed Nuatha's ghost
  7219 | D:6      | Identified a scroll of acquirement
  7385 | D:6      | Found a faded altar of an unknown god.
  7385 | D:6      | Found a white marble altar of Elyvilon.
  7394 | D:6      | Found a faded altar of an unknown god.
  7401 | D:6      | Found a faded altar of an unknown god.
  7402 | D:6      | Found a faded altar of an unknown god.
  7567 | D:6      | Reached skill level 5 in Short Blades
  7567 | D:6      | Reached skill level 1 in Shields
  7567 | D:6      | Reached skill level 8 in Poison Magic
  7567 | D:6      | Reached XP level 9. HP: 51/54 MP: 7/16
  7728 | D:6      | Found a staircase to the Ecumenical Temple.
  7740 | Temple   | Entered the Ecumenical Temple
  7820 | Temple   | Became a worshipper of Vehumet
  7955 | D:7      | Found Lesite's Book Boutique.
  8269 | D:7      | Reached skill level 5 in Spellcasting
  9108 | D:8      | Reached * piety under Vehumet
  9108 | D:8      | Offered knowledge of Freeze by Vehumet.
  9185 | D:8      | Found an iron altar of Okawaru.
  9228 | D:8      | Found a burning altar of Makhleb.
  9229 | D:8      | Found a shimmering altar of Xom.
  9878 | D:9      | Reached XP level 10. HP: 40/61 MP: 13/18
  9879 | D:9      | Reached skill level 9 in Poison Magic
 10018 | D:9      | Found a staircase to the Lair.
 10022 | D:9      | Offered knowledge of Flame Tongue by Vehumet.
 10024 | D:9      | Reached ** piety under Vehumet
 10132 | D:9      | Learned a level 1 spell: Flame Tongue
 10153 | D:9      | Noticed Maurice
 10172 | D:9      | Killed Maurice
 10257 | D:9      | Found Ezopsuikh's Assorted Antiques.
 10289 | D:9      | Found Jexzol's Weapon Shop.
 10822 | D:9      | Noticed a hill giant
 10853 | D:9      | Killed a hill giant
 10853 | D:9      | Reached skill level 5 in Shields
 10940 | D:9      | Reached skill level 10 in Poison Magic
 11227 | D:10     | Entered Level 10 of the Dungeon
 11234 | D:10     | Learned a level 2 spell: Throw Frost
 11253 | D:10     | Lost mutation: You are partially covered in yellow scales. (AC +2) [potion of mutation]
 11253 | D:10     | Gained mutation: You regenerate slowly when monsters are visible. [potion of mutation]
 11575 | D:10     | Found a staircase to the Orcish Mines.
 11590 | D:10     | Offered knowledge of Static Discharge by Vehumet.
 11599 | D:10     | Reached XP level 11. HP: 54/66 MP: 15/21
 11609 | D:10     | Reached *** piety under Vehumet
 11620 | D:10     | Found a roughly hewn altar of Beogh.
 11637 | D:10     | Learned a level 2 spell: Repel Missiles
 11763 | D:10     | Reached skill level 5 in Dodging
 12136 | D:10     | Learned a level 3 spell: Static Discharge
 12148 | D:10     | Learned a level 3 spell: Ozocubu's Armour
 12347 | Lair:1   | Entered Level 1 of the Lair of Beasts
 12548 | Lair:1   | Noticed a four-headed hydra
 12920 | Lair:1   | Got a steaming falchion
 12921 | Lair:1   | Identified the cursed +0 falchion "Xustrap" {drain, rN+ Str+4} (You found it on level 1 of the Lair of Beasts)
 12988 | Lair:1   | Learned a level 5 spell: Venom Bolt
 13170 | Lair:1   | Offered knowledge of Stone Arrow by Vehumet.
 13170 | Lair:1   | Reached skill level 1 in Charms
 13239 | Lair:1   | Killed a four-headed hydra
 13239 | Lair:1   | Reached skill level 1 in Ice Magic
 13645 | Lair:2   | Reached skill level 11 in Poison Magic
 13934 | Lair:2   | Noticed a catoblepas
 13937 | Lair:2   | Found a staircase to the Shoals.
 14352 | Lair:2   | Killed a catoblepas
 14420 | Lair:2   | Reached XP level 12. HP: 38/74 MP: 4/24
 14655 | Lair:2   | Found a hole to the Spider Nest.
 15521 | Lair:3   | Learned a level 3 spell: Stone Arrow
 15736 | Lair:3   | Noticed a four-headed hydra
 15739 | Lair:3   | Reached **** piety under Vehumet
 15751 | Lair:3   | Killed a four-headed hydra
 16324 | Lair:3   | Offered knowledge of Iskenderun's Battlesphere by Vehumet.
 16334 | Lair:3   | Learned a level 4 spell: Throw Icicle
 16512 | Lair:3   | Gained mutation: Your spells are a little harder to cast, but a little more powerful. [potion of mutation]
 16512 | Lair:3   | Gained mutation: You occasionally shout uncontrollably at your foes. [potion of mutation]
 16642 | Lair:3   | Reached skill level 1 in Air Magic
 17458 | Lair:4   | Reached skill level 1 in Earth Magic
 17465 | Lair:4   | Reached ***** piety under Vehumet
 17557 | Lair:4   | Offered knowledge of Freezing Cloud by Vehumet.
 17562 | Lair:4   | Learned a level 2 spell: Blink
 17572 | Lair:4   | Noticed an eight-headed hydra
 17594 | Lair:4   | Reached XP level 13. HP: 28/79 MP: 19/26
 17599 | Lair:4   | Reached skill level 1 in Translocations
 18152 | Lair:4   | Reached skill level 12 in Poison Magic
 18362 | Lair:4   | Reached skill level 10 in Spellcasting
 19668 | D:11     | Found a glowing golden altar of the Shining One.
 21510 | D:13     | Offered knowledge of Orb of Destruction by Vehumet.
 21950 | D:13     | Reached skill level 5 in Conjurations
 22059 | D:13     | Found a gate to the Vaults.
 22098 | D:13     | Gained mutation: One of your tentacles bears a spike. [mutagenic meat]
 22101 | D:13     | Lost mutation: Your body sometimes deteriorates upon taking damage. [mutagenic meat]
 22104 | D:13     | Lost mutation: Your spells are a little harder to cast, but a little more powerful. [mutagenic meat]
 22126 | D:13     | Lost mutation: You passively map the area around you. [potion of cure mutation]
 22126 | D:13     | Lost mutation: You are clumsy. (Dex -2) [potion of cure mutation]
 22126 | D:13     | Lost mutation: One of your tentacles bears a spike. [potion of cure mutation]
 22126 | D:13     | Lost mutation: You passively map a small area around you. [potion of cure mutation]
 22126 | D:13     | Lost mutation: You regenerate slowly when monsters are visible. [potion of cure mutation]
 22472 | D:13     | Noticed Rupert
 22558 | D:13     | Found a blossoming altar of Fedhas.
 23457 | D:12     | Killed Rupert
 23457 | D:12     | Reached XP level 14. HP: 48/86 MP: 16/28
 23832 | Orc:1    | Entered Level 1 of the Orcish Mines
 23879 | Orc:1    | Reached skill level 5 in Translocations
 24447 | Orc:2    | Entered Level 2 of the Orcish Mines
 24447 | Orc:2    | Noticed Saint Roka
 24613 | Orc:2    | Noticed Azrael
 24942 | Orc:1    | Reached skill level 5 in Fighting
 24991 | Orc:2    | Found a staircase to the Elven Halls.
 25543 | Orc:2    | Offered knowledge of Bolt of Cold by Vehumet.
 25728 | Orc:2    | Reached skill level 5 in Ice Magic
 25781 | Orc:2    | HP: 1/88 [Azrael/fireball (27)]
 26305 | Lair:5   | Reached skill level 13 in Poison Magic
 26797 | Lair:5   | Found a deep blue altar of Sif Muna.
 26846 | Lair:5   | Found a staircase to the Slime Pits.
 27686 | Lair:6   | Entered Level 6 of the Lair of Beasts
 29013 | Lair:6   | Reached ****** piety under Vehumet
 29013 | Lair:6   | Reached XP level 15. HP: 56/92 MP: 17/30
 29016 | Lair:6   | Offered knowledge of Lee's Rapid Deconstruction by Vehumet.
 29566 | Lair:6   | Noticed Odds's ghost (journeyman DsTm)
 30711 | Spider:1 | Entered Level 1 of the Spider Nest
 31767 | Spider:1 | Reached skill level 10 in Shields
 31792 | Spider:1 | Learned a level 5 spell: Alistair's Intoxication
 32130 | Spider:1 | Reached skill level 14 in Poison Magic
 32273 | Spider:2 | Offered knowledge of Poisonous Cloud by Vehumet.
 32284 | Spider:2 | Learned a level 6 spell: Poisonous Cloud
 34828 | Orc:2    | Killed from afar by Azrael

Vault maps used:
D:1:      dpeg_arrival_lava_temple_mockup
D:2:      minivault_11
D:3:      grunt_temple_overflow_growth_and_decay, first_bread
D:4:      enter_ossuary_5, minmay_rat_hole
D:5:      minitemple, basic_altar, portal_sewer_entry_f, hex_medium,
          minivault_14, kennysheep_generic_room_6
D:6:      corexii_shack_village, chequers_temple_overflow_minitemple
D:7:      serial_shops, shop, kennysheep_generic_room_4
D:8:      grunt_temple_overflow_champion_of_chaos, okawaru_gym_becter
D:9:      minmay_lair_entry_grove, serial_shops, shop,
          nicolae_shop_behind_doors, uniq_maurice
D:10:     minmay_orc_entry_temple_small
D:11:     hangedman_little_slice_of_home, nicolae_tso_carved_into_rock
D:13:     david_vaults_2, serial_park, serial_park_gazebo,
          hangedman_tree_tricks, uniq_rupert
Temple:   compressed_dpeg_triangle_lava_temple
Lair:1:   grunt_megastairs_1, lemuel_fruit_fields
Lair:2:   minmay_shoals_entry_hut, spider_nest_entry_web_field
Lair:3:   lemuel_slime, grunt_megastairs_5, infiniplex_staircase_pool_2
Lair:4:   infiniplex_staircase_pool, grunt_megastairs_3
Lair:5:   nicolae_slime_entry_slimehenge, lemuel_centaur_altar,
          lemuel_fruit_tree
Lair:6:   grunt_lair_end_beastmaster
Spider:2: hive_lemuel
Orc:2:    grunt_orc_cross, uniq_azrael, uniq_saint_roka
Sewer:    sewer_co_cracked_pipes
Ossuary:  ossuary_tomb_2

Skill      XL: |  1  2  3  4  5  6  7  8  9 10 11 12 13 14 15 |
---------------+----------------------------------------------+-----
Poison Magic   | 5 6 7 8 10 11 12 13 14 | 14.5
Stealth        | 3 4 5 6 8 9 |  9.4
Conjurations   | 1 2 3 4 5 6 |  6.1
Spellcasting   | 3 4 5 7 8 9 10 11 12 | 12.7
Short Blades   | 1 2 3 5 6 7 8 9 |  9.0
Fighting       | 1 2 3 4 5 |  5.4
Dodging        | 3 4 5 6 7 |  7.6
Shields        | 1 3 5 6 8 9 10 | 10.3
Charms         | 2 3 4 |  4.4
Ice Magic      | 2 4 6 7 |  7.9
Air Magic      | 1 |  1.8
Earth Magic    | 1 |  1.5
Translocations | 4 5 |  5.6
Fire Magic     | |  0.2
Evocations     | |  0.2

Action                   |  1- 3 |  4- 6 |  7- 9 | 10-12 | 13-15 || total
-------------------------+-------+-------+-------+-------+-------++-------
Melee: Short sword       |    30 |   120 |   320 |   292 |   676 ||  1438
       Constrict         |     7 |    27 |    62 |    35 |    73 ||   204
       Tentacles         |     7 |    18 |    34 |    38 |   109 ||   206
       Dagger            |     1 |       |       |       |       ||     1
 Cast: Sting             |    40 |    42 |    39 |    49 |    56 ||   226
       Olgreb's Toxic Ra |       |       |    42 |   104 |   212 ||   358
       Flame Tongue      |       |       |       |     7 |     8 ||    15
       Throw Frost       |       |       |       |    30 |       ||    30
       Venom Bolt        |       |       |       |    10 |    63 ||    73
       Static Discharge  |       |       |       |    24 |     9 ||    33
       Ozocubu's Armour  |       |       |       |     9 |    57 ||    66
       Repel Missiles    |       |       |       |     2 |     1 ||     3
       Stone Arrow       |       |       |       |     6 |    66 ||    72
       Throw Icicle      |       |       |       |       |   103 ||   103
       Blink             |       |       |       |       |    58 ||    58
       Alistair's Intoxi |       |       |       |       |     1 ||     1
Evoke: Lamp of fire      |       |       |       |     1 |       ||     1
       Wand              |       |       |       |       |     8 ||     8
  Use: Potion            |       |     2 |    15 |    12 |    13 ||    42
       Scroll            |       |       |    22 |    14 |    20 ||    56
 Stab: Sleeping          |     3 |     6 |    20 |    12 |    10 ||    51
       Invisible         |       |       |     2 |       |       ||     2
       Petrified         |       |       |       |       |     1 ||     1
  Eat: Chunk             |     2 |     4 |    24 |    36 |    54 ||   120
       Beef jerky        |       |     2 |       |       |     5 ||     7
       Pizza             |       |       |     3 |       |     6 ||     9
       Meat ration       |       |       |       |       |     1 ||     1
       Fruit             |       |       |       |       |     1 ||     1
Armor: Skin              |    11 |    30 |    55 |    35 |   110 ||   241
Dodge: Dodged            |    14 |    82 |   153 |   119 |   378 ||   746
       Deflected         |       |       |       |     1 |    10 ||    11
Block: Shield            |       |       |    54 |   178 |   546 ||   778
